 Dungeon Crawl Stone Soup version 0.31-a0-214-gb37851dbb3 (webtiles) character file.

Game seed: 15583802452251693743

37 innerfire43 the Trooper (level 3, -2/27 (29) HPs)
             Began as a Demonspawn Monk on July 1, 2023.
             Was an Initiate of Yredelemnul.
             Slain by Crazy Yiuf
             ... wielding a +4 quarterstaff of chaos
              (10 damage)
             ... on level 2 of the Dungeon.
             The game lasted 00:02:03 (1760 turns).

innerfire43 the Trooper (Demonspawn Monk)           Turns: 1760, Time: 00:02:04

HP:   -2/27 (29)    AC:  3    Str: 13    XL:     3   Next: 21%
MP:   3/3           EV: 13    Int: 11    God:    Yredelemnul [......]
Gold: 109           SH:  5    Dex: 15    Spells: 2/2 levels left

rFire   . . .        a - +0 hand axe
rCold   . . .        d - orb {light}
rNeg    . . .        b - +0 robe
rPois   .            (no helmet)
rElec   .            (no cloak)
rCorr   .            f - +0 pair of gloves
SInv    .            (no boots)
Will    .....        g - amulet of reflection
Stlth   +            (no ring)
HPRegen 0.24/turn    (no ring)
MPRegen 0.08/turn

%: reflection
@: glowing, drained
A: powered by pain 1
a: Renounce Religion, Recall Undead Harvest


You were on level 2 of the Dungeon.
You worshipped Yredelemnul.
Yredelemnul was noncommittal.
You visited 1 branch of the dungeon, and saw 2 of its levels.

You collected 109 gold pieces.

Inventory:

Hand Weapons
 a - a +0 hand axe (weapon)
Armour
 b - a +0 robe (worn)
 d - an orb of light (worn)
 f - a +0 pair of gloves (worn)
Jewellery
 g - an amulet of reflection (around neck)
Scrolls
 i - a scroll of enchant weapon
Potions
 c - 2 potions of ambrosia
 e - a potion of mutation {unknown}


   Skills:
 + Level 3.5 Fighting
 + Level 3.1 Axes
 + Level 3.1 Dodging


You had 2 spell levels left.
You didn't know any spells.
Your spell library contained the following spells:

 Spells                   Type           Power      Damage    Failure   Level
 Sandblast                Erth           0%         2d4       34%         1
 Passwall                 Tmut/Erth      0%         N/A       47%         2
 Stone Arrow              Conj/Erth      0%         3d7       71%         3


Dungeon Overview and Level Annotations

Branches:
Dungeon (2/15)

Altars:
Yredelemnul

Annotations:
D:2 Crazy Yiuf


Innate Abilities, Weirdness & Mutations

You sometimes gain a little power by taking damage.


Message History

You can no longer trade souls for undead servants.
Crazy Yiuf hits your endoplasm zombie with a +4 quarterstaff of chaos!
Lightning courses through your endoplasm zombie!
Your endoplasm zombie is destroyed!
Crazy Yiuf hits your kobold zombie with a +4 quarterstaff of chaos!!
Your kobold zombie is destroyed!
Crazy Yiuf barely misses your ball python zombie.
Your ball python zombie bites Crazy Yiuf but does no damage.
Your ball python zombie grabs Crazy Yiuf.
Your ball python zombie constricts Crazy Yiuf.
Crazy Yiuf hits your ball python zombie with a +4 quarterstaff of chaos!
Your ball python zombie is destroyed!
Crazy Yiuf hits your endoplasm zombie with a +4 quarterstaff of chaos!
Your endoplasm zombie is destroyed!
Crazy Yiuf hits your adder zombie with a +4 quarterstaff of chaos!
Your adder zombie seems to slow down.
Crazy Yiuf hits your adder zombie with a +4 quarterstaff of chaos!
Your adder zombie is destroyed!
You hit Crazy Yiuf.
Crazy Yiuf is moderately wounded.
Crazy Yiuf screams, "Tonal!
Announcement childish tired."
Crazy Yiuf closely misses you.
You hit Crazy Yiuf.
Crazy Yiuf is moderately wounded.
Crazy Yiuf hits you with a +4 quarterstaff of chaos!
You feel drained.
* * * LOW HITPOINT WARNING * * *
You hit Crazy Yiuf but do no damage.
Crazy Yiuf is moderately wounded.
Crazy Yiuf barely misses you. Crazy Yiuf attacks as you move away!
Crazy Yiuf completely misses you.
You hit Crazy Yiuf.
Crazy Yiuf is heavily wounded.
Crazy Yiuf says, "Aardvark cower tired!"
Crazy Yiuf barely misses you.
You hit Crazy Yiuf.
Crazy Yiuf is heavily wounded.
Crazy Yiuf hits you with a +4 quarterstaff of chaos!
You die...
Your body rises from the dead as a mindless zombie.

# #...# #'#
#.#.ZZ.....
######.Z.##
#.##
###.#ZZ.##.##
..........#
##.#
#...ZZZ.##...
##.#####Z##
#.##
#.ZZ##..#####
#.#####Z##
##.#
#.Z###..#
#..Z.Z.Z.#
##.## #.Z#
#..#
#..####.##
##...# #..#
#..# ##
##.Z####Z#
#.Zg.# #.Z#
#.Z####.


...ZZZZZZ# ##.@## #Z.# #...ZZ.. ##ZZ###### #....# #Z.# ##.####. #Z.# #...####ZZ#
#..# #. #..### ##....##ZZ# ##.# #. #....# ####.....# #.###) #Z##.# ####..#
#..... #.##.# ##.# #..... #Z##.# #>#####ZZ... #.##.# #..ZZ.ZZZZ.. You could see
Crazy Yiuf (ally target) and a friendly worm zombie.

Vanquished Creatures
  A worm (D:2)
  5 bats
  3 endoplasms
  2 giant cockroaches (D:1)
  3 goblins (D:1)
  5 hobgoblins
  3 ball pythons
  A kobold (D:2)
  5 rats
28 creatures vanquished.

Vanquished Creatures (collateral kills)
  2 ball pythons (D:2)
  An endoplasm (D:2)
  A kobold (D:2)
4 creatures vanquished.

Vanquished Creatures (others)
  A hound zombie (D:2)
  2 adder zombies (D:2)
  4 bat zombies (D:2)
  3 ball python zombies (D:2)
  2 endoplasm zombies (D:2)
  A giant cockroach zombie (D:2)
  2 kobold zombies (D:2)
15 creatures vanquished.

Grand Total: 47 creatures vanquished

Notes
Turn   | Place    | Note
-------+----------+-------------------------------------------
     0 | D:1      | innerfire43 the Demonspawn Monk began the quest for the
                  | Orb.
     0 | D:1      | Reached XP level 1. HP: 18/18 MP: 1/1
   226 | D:1      | Gained mutation: You sometimes gain a little power by
                  | taking damage. [demonic ancestry]
   226 | D:1      | Reached XP level 2. HP: 23/24 MP: 2/2
  1096 | D:2      | Found a faded altar of an unknown god.
  1111 | D:2      | Prayed at the altar of an unknown god.
  1111 | D:2      | Became a worshipper of Yredelemnul the Dark
  1111 | D:2      | Reached * piety under Yredelemnul
  1111 | D:2      | Reached ** piety under Yredelemnul
  1329 | D:2      | Reached XP level 3. HP: 15/29 MP: 3/3
  1604 | D:2      | Reached *** piety under Yredelemnul
  1641 | D:2      | Found a runed translucent door.
  1642 | D:2      | Noticed Crazy Yiuf
  1760 | D:2      | Slain by Crazy Yiuf

Illustrated notes

Levels and vault maps discovered:
D:1:      onia_arrival_mini_maze, layout_loops_cross, serial_forest,
          infiniplex_forest_clump_small, infiniplex_forest_straight_5,
          infiniplex_forest_lined_room_2, infiniplex_forest_corner_1,
          infiniplex_forest_lined_2, infiniplex_forest_lined_corner,
          infiniplex_forest_end_2, infiniplex_forest_end_3,
          infiniplex_forest_clump_curved
D:2:      layout_loops_ring, shapermc_ecumenical_altar_notcrosses,
          uniq_crazy_yiuf_cottage

Skill      XL: |  1  2 |
---------------+-------+-----
Axes           | 3 |  3.1
Dodging        | 3 |  3.1
Fighting       | |  3.5

Action                     || total
---------------------------++-------
  Melee: Hand axe          ||    73
    Use: Scroll            ||     2
         Potion            ||     2
 Armour: Robe              ||    11
  Dodge: Dodged            ||    47

Table legend: (Time is in decaauts)
 A = Elapsed time spent in this place.
 B = Non-inter-level travel time spent in this place.
 C = Inter-level travel time spent in this place.
 D = Time resting spent in this place.
 E = Time spent auto-exploring this place.
 F = Levels seen in this place.
 G = Mean time per level.
                   A        B        C        D        E       F      G
               +--------+--------+--------+--------+--------+-----+--------+
         Total |   1770 |   1622 |    148 |      0 |   1375 |   2 |  885.0 |
       Dungeon |   1770 |   1622 |    148 |      0 |   1375 |   2 |  885.0 |
               +--------+--------+--------+--------+--------+-----+--------+

Top non-repeatable levels by time:
     D:1: 1059 daAuts
     D:2: 710 daAuts
